 Dungeon Crawl Stone Soup version 0.17.0-28-g6e173f8 (webtiles) character file.

196 septik the Twirler (level 5, 0/42 HPs)
             Began as a Demonspawn Gladiator on Nov 23, 2015.
             Succumbed to a worker ant's poison
             ... on level 4 of the Dungeon.
             The game lasted 00:04:14 (2428 turns).

septik the Twirler (Demonspawn Gladiator)           Turns: 2428, Time: 00:04:14

Health: 0/42       AC:  9    Str: 16    XL:     5   Next: 46%
Magic:  5/5        EV:  7    Int:  9    God:
Gold:   121        SH:  0    Dex: 14    Spells: 0 memorised, 4 levels left

rFire  . . .     SeeInvis .     a - +0 quarterstaff
rCold  . . .     Clarity  .     o - +0 chain mail
rNeg   . . .     SustAt   .     (shield currently unavailable)
rPois  .         Gourm    .     (helmet restricted)
rElec  .         Spirit   .     (no cloak)
rCorr  .         Warding  .     k - +0 pair of gloves
rMut   .         Stasis   .     (no boots)
MR     +....                    (no amulet)
Stlth  ..........               (no ring)
                                m - ring of protection from magic

@: lethally poisoned (0 -> -10), somewhat resistant to hostile enchantments,
extremely unstealthy
A: horns 1, nightstalker 2
a: no special abilities


You were on level 4 of the Dungeon.
You were not hungry.

You visited 1 branch of the dungeon, and saw 4 of its levels.

You collected 121 gold pieces.

Inventory:

Hand Weapons
 a - a +0 quarterstaff (weapon)
Missiles
 d - 3 throwing nets (quivered)
 p - 22 stones
Armour
 b - a +0 leather armour
 c - a +0 helmet
 h - a +0 scale mail
 k - a +0 pair of gloves (worn)
 o - a +0 chain mail (worn)
Jewellery
 m - a ring of protection from magic (left hand)
Scrolls
 f - 6 scrolls of identify {unknown}
 s - a scroll of amnesia {unknown}
 t - a scroll of enchant armour {unknown}
 u - a scroll of recharging {unknown}
Potions
 i - a potion of ambrosia {unknown}
 j - a potion of mutation {unknown}
 q - a potion of degeneration {unknown}
Comestibles
 e - a bread ration
 g - 2 slices of pizza
 l - 3 fruits
 n - a meat ration
 r - 7 chunks of flesh


   Skills:
 + Level 3.7 Fighting
 * Level 4.8 Staves
 - Level 1.7 Throwing
 - Level 2.6 Dodging


You had 4 spell levels left.
You didn't know any spells.

Dungeon Overview and Level Annotations

Branches:
Dungeon (4/15)
 Temple: D:4-7

Altars:
Xom

Annotations:
D:3 septik's ghost, weakling DsGl


Innate Abilities, Weirdness & Mutations

You have a pair of small horns on your head.
You are significantly more attuned to the shadows.


Message History

The worker ant poisons you!
You sock the worker ant!
The worker ant is severely wounded.
You feel sick. The worker ant barely misses you.
You hit the worker ant. You headbutt the worker ant.
The worker ant is almost dead.
The worker ant bites you but does no damage.
The worker ant bites you.
* * * LOW HITPOINT WARNING * * *
You are more poisoned.
The worker ant poisons you!
Your chain mail prevents you from hitting the worker ant.
The worker ant is almost dead.
* * * LOW HITPOINT WARNING * * *
You feel sick.
The worker ant bites you but does no damage.
Unknown command.
You closely miss the worker ant. You headbutt the worker ant.
You kill the worker ant!
You die...

..#.# ...# ##.#$##...#
.........>######
...............#
##.............#
...............#######
.....)..$.....o†@.....
............o.o###.###
..ooo..........# #
...####..#.#####
.............#
.#.####..#.#.# ...#
#...#.#.# .#.# ##..#.!
. .#.# #..###..#


You could see an orc wizard and 2 orcs.

Vanquished Creatures
  A worker ant (D:4)
  An orc wizard (D:4)
  Natasha (D:2)
  4 adders (D:2)
  7 worms
  A giant gecko (D:1)
  4 orcs (D:4)
  3 ball pythons
  A giant cockroach (D:2)
  7 goblins
  5 hobgoblins
  A quokka (D:2)
  8 bats
  5 giant newts
  7 kobolds
  6 rats
62 creatures vanquished.

Vanquished Creatures (others)
  Natasha (D:2)
1 creature vanquished.

Grand Total: 63 creatures vanquished

Notes
Turn   | Place    | Note
--------------------------------------------------------------
     0 | D:1      | septik the Demonspawn Gladiator began the quest for the Orb.
     0 | D:1      | Reached XP level 1. HP: 16/16 MP: 1/1
     0 | D:1      | Noticed a black draconian
     2 | D:1      | Noticed a tentacled monstrosity
     5 | D:1      | Noticed an ice dragon
     8 | D:1      | Noticed an orb of fire
    10 | D:1      | Noticed an ice dragon
    12 | D:1      | Noticed a yellow draconian
    12 | D:1      | Noticed an iron dragon
    14 | D:1      | Noticed a tentacled monstrosity
    14 | D:1      | Noticed an orb of fire
    14 | D:1      | Noticed a shadow dragon
    16 | D:1      | Noticed a shadow dragon
    16 | D:1      | Noticed an orb of fire
    18 | D:1      | Noticed an ice dragon
    20 | D:1      | Noticed a large abomination
   317 | D:1      | Reached skill level 3 in Staves
   360 | D:1      | Gained mutation: You have a pair of small horns on your head. [demonic ancestry]
   360 | D:1      | Reached XP level 2. HP: 21/23 MP: 2/2
  1243 | D:2      | Gained mutation: You are slightly more attuned to the shadows. [demonic ancestry]
  1243 | D:2      | Reached XP level 3. HP: 28/28 MP: 3/3
  1602 | D:2      | Reached XP level 4. HP: 35/35 MP: 4/4
  1683 | D:2      | Noticed Natasha
  1697 | D:2      | Killed Natasha
  1697 | D:2      | Reached skill level 4 in Staves
  2008 | D:2      | Noticed Natasha
  2009 | D:2      | Killed Natasha
  2181 | D:3      | Found a shimmering altar of Xom.
  2311 | D:3      | Noticed septik's ghost (weakling DsGl)
  2338 | D:4      | Gained mutation: You are significantly more attuned to the shadows. [demonic ancestry]
  2338 | D:4      | Reached XP level 5. HP: 18/41 MP: 5/5
  2426 | D:4      | HP: 2/41 [worker ant (3)]
  2428 | D:4      | Succumbed to a worker ant's poison

Action                   |  1- 3 |  4- 6 || total
-------------------------+-------+-------++-------
Melee: Quarterstaff      |   130 |    89 ||   219
  Use: Scroll            |       |     1 ||     1
 Stab: Sleeping          |     1 |       ||     1
  Eat: Chunk             |     2 |     3 ||     5
